 Dungeon Crawl Stone Soup version 0.30-a0-57-g8b159a9891 (webtiles) character file.

Game seed: 15946459854620978853

203 Decritt the Trooper (level 5, 0/34 HPs)
             Began as a Gargoyle Fighter on Sept 11, 2022.
             Frozen to death by an endoplasm (4 damage)
             ... on level 4 of the Dungeon.
             The game lasted 00:05:27 (2262 turns).

Decritt the Trooper (Gargoyle Fighter)              Turns: 2262, Time: 00:05:27

Health: 0/34       AC: 11    Str: 22    XL:     5   Next: 81%
Magic:  5/5        EV:  9    Int:  8    God:
Gold:   100        SH:  4    Dex:  9    Spells: 4/4 levels left

rFire   . . .      SeeInvis .    a - +0 flail
rCold   . . .      Faith    .    c - +0 buckler
rNeg    + . .      Spirit   .    b - +0 scale mail
rPois   ∞          Reflect  .    (no helmet)
rElec   +          Harm     .    (no cloak)
rCorr   .          Rampage  .    (no gloves)
Will    .....                    (no boots)
Stlth   ..........               (no amulet)
HPRegen 0.11/turn                (no ring)
MPRegen 0.09/turn                (no ring)

@: no status effects
A: sickness immunity, AC +4, negative energy resistance 1, electricity
resistance, torment resistance 1, petrification resistance
a: no special abilities


You were on level 4 of the Dungeon.
You visited 1 branch of the dungeon, and saw 4 of its levels.

You collected 124 gold pieces.
You spent 24 gold pieces at shops.

Inventory:

Hand Weapons
 a - a +0 flail (weapon)
 s - a +0 whip
Missiles
 k - 2 poisoned darts (quivered)
Armour
 b - a +0 scale mail (worn)
 c - a +0 buckler (worn)
Scrolls
 f - 3 scrolls of vulnerability {unknown}
 j - 2 scrolls of summoning {unknown}
 l - 2 scrolls of poison {unknown}
 m - 2 scrolls of enchant weapon {unknown}
 o - 2 scrolls of teleportation {unknown}
 p - a scroll of fear {unknown}
 r - a scroll of identify
Potions
 d - 2 potions of might
 e - a potion of lignification {unknown}
 g - a potion of ambrosia {unknown}
 h - 2 potions of berserk rage
 i - 2 potions of curing
 n - a potion of heal wounds {unknown}
 q - a potion of haste {unknown}
 t - a potion of attraction {unknown}


   Skills:
 * Level 4.8 Fighting
 * Level 3.6 Maces & Flails
 + Level 4.2 Armour
 + Level 4.0 Shields


You had 4 spell levels left.
You didn't know any spells.
Your spell library contained the following spells:

 Spells                   Type           Power      Damage    Failure   Level
 Slow                     Hex            0%         N/A       82%         1
 Confusing Touch          Hex            0%         N/A       99%         3
 Ignite Poison            Fire/Tmut/Pois 0%         N/A       99%         3
 Mephitic Cloud           Conj/Pois/Air  0%         N/A       99%         3
 Vampiric Draining        Necr           0%         2d6       99%         3
 Freezing Cloud           Conj/Ice/Air   0%         6-21      100%        5
 Simulacrum               Ice/Necr       0%         N/A       100%        6
 Polar Vortex             Ice            0%         N/A       100%        9


Dungeon Overview and Level Annotations

Branches:
Dungeon (4/15)
 Temple: D:4-7

Altars:
Dithmenos
Kikubaaqudgha
Wu Jian

Shops:
D:1 *   D:3 *


Innate Abilities, Weirdness & Mutations

You are immune to sickness and miasma.
Your stone body is resilient. (AC +4)
You are immune to poison.
You resist negative energy. (rN+)
You are resistant to electric shocks. (rElec)
You are resistant to unholy torment.
You are immune to petrification.


Message History

* * * LOW HITPOINT WARNING * * *
The scorpion stings you but does no damage.
The scorpion stings you.
* * * LOW HITPOINT WARNING * * *
The endoplasm attacks as you move away! You block the endoplasm's attack.
The endoplasm attacks as you move away! The endoplasm hits you.
* * * LOW HITPOINT WARNING * * *
The scorpion attacks as you move away! The scorpion stings you.
* * * LOW HITPOINT WARNING * * *
You block the scorpion's attack. The scorpion stings you.
* * * LOW HITPOINT WARNING * * *
Okay, then.
You feel better. The endoplasm barely misses you.
The scorpion stings you but does no damage.
You block the scorpion's attack.
You hit the scorpion.
You kill the scorpion!
The endoplasm freezes you.
You are frozen.
* * * LOW HITPOINT WARNING * * *
The scorpion closely misses you. The endoplasm barely misses you.
The scorpion stings you.
* * * LOW HITPOINT WARNING * * *
Your Shields skill increases to level 4!
You hit the scorpion.
The scorpion is moderately wounded.
The scorpion stings you.
* * * LOW HITPOINT WARNING * * *
The endoplasm hits you but does no damage.
You hit the scorpion but do no damage.
The scorpion is moderately wounded.
The scorpion barely misses you. You block the endoplasm's attack.
The scorpion stings you but does no damage.
You hit the scorpion.
The scorpion is moderately wounded.
The endoplasm hits you but does no damage.
The scorpion closely misses you. The endoplasm freezes you.
You are frozen.
You die...

#.## .#
#..##.####
#.<.......
#.........
#.<.......
###.........
#.........##
#Js.......#
#@<.......#
#.........#
#.........#
#.........#
###########


You could see a scorpion and an endoplasm.

Vanquished Creatures
  A scorpion (D:4)
  Natasha (twice) (D:3)
  3 adders (D:2)
  A worm (D:3)
  An orc (D:3)
  7 ball pythons
  8 bats
  9 endoplasms
  2 giant cockroaches
  6 goblins
  7 hobgoblins
  4 jackals (D:1)
  2 kobolds (D:1)
  A quokka (D:1)
  4 frilled lizards
  6 rats
64 creatures vanquished.

Vanquished Creatures (others)
  6 fungi (D:3)
6 creatures vanquished.

Grand Total: 70 creatures vanquished

Notes
Turn   | Place    | Note
-------+----------+-------------------------------------------
     0 | D:1      | Decritt the Gargoyle Fighter began the quest for the Orb.
     0 | D:1      | Reached XP level 1. HP: 14/14 MP: 1/1
     6 | D:1      | Noticed a hog
     6 | D:1      | Noticed a snapping turtle
     6 | D:1      | Noticed a water moccasin
     7 | D:1      | Noticed a swamp drake
    64 | D:1      | Found Quliyng's Assorted Antiques.
   130 | D:1      | Reached XP level 2. HP: 19/19 MP: 2/2
   451 | D:1      | Reached XP level 3. HP: 22/24 MP: 3/3
  1000 | D:2      | Reached XP level 4. HP: 29/29 MP: 4/4
  1569 | D:3      | Found an ancient bone altar of Kikubaaqudgha.
  1597 | D:3      | Found Wavosih's General Store.
  1606 | D:3      | Bought a scroll of identify for 24 gold pieces
  1617 | D:3      | Found a shadowy altar of Dithmenos.
  1722 | D:3      | Noticed Natasha
  1756 | D:3      | Killed Natasha
  1764 | D:3      | Reached XP level 5. HP: 32/34 MP: 5/5
  1874 | D:3      | Found an ornate altar of the Wu Jian Council.
  2001 | D:3      | Noticed Natasha
  2006 | D:3      | Killed Natasha
  2262 | D:4      | Frozen to death by an endoplasm

Illustrated notes

Levels and vault maps discovered:
D:1:      onia_arrival_zoo_common, layout_rooms, serial_shops,
          nicolae_shop_overgrown_old_shop
D:2:      layout_basic, minmay_misc_feat_rugged, item_on_display_a
D:3:      layout_rooms, mainiacjoe_overflow_chevrons,
          nicolae_dithmenos_through_a_glass_darkly,
          mainiacjoe_overflow_concentric_impassable, serial_shops,
          nicolae_shop_trees, dreamdust_mushroom_princess,
          minmay_quadrilaterals, uniq_natasha
D:4:      mumra_celtic_spiral_tile, layout_rooms, mainiacjoe_overflow_catwalk,
          mainiacjoe_overflow_tiny_flanked, nicolae_uskayaw_suspiria

Skill      XL: |  1  2  3  4  5 |
---------------+----------------+-----
Fighting       | 4 |  4.8
Maces & Flails | 3 |  3.6
Armour         | 4 |  4.2
Shields        | 4 |  4.0

Action                   |  1- 3 |  4- 6 || total
-------------------------+-------+-------++-------
Melee: Flail             |    93 |    82 ||   175
Throw: Dart              |    14 |    34 ||    48
  Use: Scroll            |       |     2 ||     2
       Potion            |       |     1 ||     1
Armor: Scale mail        |    37 |    47 ||    84
Dodge: Dodged            |    49 |    53 ||   102
Block: Buckler           |    15 |    20 ||    35

Table legend: (Time is in decaauts)
 A = Elapsed time spent in this place.
 B = Non-inter-level travel time spent in this place.
 C = Inter-level travel time spent in this place.
 D = Time resting spent in this place.
 E = Time spent auto-exploring this place.
 F = Levels seen in this place.
 G = Mean time per level.
                   A        B        C        D        E       F      G
               +--------+--------+--------+--------+--------+-----+--------+
         Total |   2317 |   2268 |     49 |      0 |   1761 |   4 |  579.2 |
       Dungeon |   2317 |   2268 |     49 |      0 |   1761 |   4 |  579.2 |
               +--------+--------+--------+--------+--------+-----+--------+

Top non-repeatable levels by time:
     D:1: 919 daAuts
     D:2: 690 daAuts
     D:3: 689 daAuts
     D:4: 17 daAuts
